 Dungeon Crawl Stone Soup version 0.26.1-13-g052cdd8df3 (webtiles) character file.

Game seed: 1295141065101809772

90521 nonceun the Executioner (level 15, -7/141 HPs)
             Began as a Minotaur Berserker on Apr 28, 2021.
             Was the Champion of Trog.
             Splashed by a goliath frog's acid (8 damage)
             ... on level 2 of the Swamp on Jan 21, 2022.
             The game lasted 02:09:31 (30403 turns).

nonceun the Executioner (Minotaur Berserker)       Turns: 30403, Time: 02:09:32

Health: -7/141     AC: 26    Str: 23    XL:     15   Next: 52%
Magic:  14/14      EV: 25    Int:  6    God:    Trog [******]
Gold:   1516       SH:  4    Dex: 19    Spells: 14/14 levels left

rFire    + . .     SeeInvis +   b - +4 battleaxe (flame)
rCold    + . .     Faith    .   (shield currently unavailable)
rNeg     . . .     Spirit   .   J - +4 chain mail {rF+}
rPois    +         Reflect  .   j - +1 hat
rElec    .         Harm     .   e - +2 cloak {Will+}
rCorr    .         Rampage  .   v - +1 pair of gloves
Will     +++..                  X - +0 pair of boots
Stlth    ..........             i - amulet of the acrobat
HPRegen  0.33/turn              g - ring "Hixt" {Ice +Inv rPois Will+ SInv}
MPRegen  0.14/turn              K - +6 ring of dexterity

@: berserk cooldown, acrobat, slowed, very slow
A: retaliatory headbutt, horns 2, icy blue scales 1, large bone plates 1, clever
1, fire resistance 1, weak 1
a: Renounce Religion, Evoke Invisibility, Berserk, Trog's Hand, Brothers in Arms


You were on level 2 of the Swamp.
You worshipped Trog.
Trog was exalted by your worship.
You visited 4 branches of the dungeon, and saw 21 of its levels.
You also visited: Bailey.

You collected 2428 gold pieces.
You spent 912 gold pieces at shops.

Inventory:

Hand Weapons
 a - a +0 shortbow
 b - a +4 battleaxe of flaming (weapon)
 c - a +7 antimagic battleaxe
 l - a +4 dagger of holy wrath
 m - a +3 demon trident of venom
 C - a +0 vorpal battleaxe
 M - a +4 trident
Missiles
 k - 2 boomerangs
 s - 388 arrows
 z - 15 curare-tipped darts (quivered)
Armour
 e - a +2 cloak of willpower (worn)
 j - a +1 hat (worn)
 r - a +1 plate armour of poison resistance
 v - a +1 pair of gloves (worn)
 w - a +2 cloak of poison resistance
 A - a +2 plate armour of positive energy
 J - a +4 chain mail of fire resistance (worn)
 X - a +0 pair of boots (worn)
Jewellery
 g - the ring "Hixt" (left hand) {Ice +Inv rPois Will+ SInv}
   (You found it on level 1 of the Swamp)

   [ring of ice]

   It enhances your ice magic.
   It makes you vulnerable to fire.
   It protects you from cold.
   It protects you from poison.
   It affects your willpower, your defense against some magical effects.
   It lets you see invisible.
   It lets you turn invisible.
 i - an amulet of the acrobat (around neck)
 K - a +6 ring of dexterity (right hand)
 L - an uncursed ring of resist corrosion
Wands
 q - a wand of polymorph (30)
 F - a wand of iceblast (26)
 I - a wand of paralysis (39)
 T - a wand of acid (11)
Scrolls
 d - 8 scrolls of teleportation
 u - 5 scrolls of identify
 O - 3 scrolls of fog
 P - a scroll of magic mapping
Potions
 f - 2 potions of attraction
 h - 6 potions of curing
 n - 3 potions of lignification
 o - 2 potions of might
 t - 6 potions of heal wounds
 x - a potion of invisibility
 B - a potion of resistance
 D - a potion of haste
 N - a potion of brilliance {unknown}
 R - 7 potions of ambrosia


   Skills:
 + Level 15.2 Fighting
 + Level 21.3 Axes
 - Level 14.0 Bows
 + Level 10.7 Armour
 - Level 2.1 Dodging


You had 14 spell levels left.
You didn't know any spells.
Your spell library contained the following spells:

 Spells                   Type           Power        Failure   Level
 Foxfire                  Conj/Fire      0%           95%         1
 Magic Dart               Conj           0%           95%         1
 Searing Ray              Conj           0%           99%         2
 Dazzling Flash           Conj/Hex       0%           100%        3
 Cause Fear               Hex            0%           100%        4
 Fulminant Prism          Conj/Hex       0%           100%        4
 Iskenderun's Mystic Bla  Conj/Tloc      0%           100%        4
 Bolt of Magma            Conj/Fire/Erth 0%           100%        5
 Irradiate                Conj/Tmut      0%           100%        5
 Silence                  Hex/Air        0%           100%        5
 Yara's Violent Unravell  Hex/Tmut       0%           100%        5
 Orb of Destruction       Conj           0%           100%        7
 Discord                  Hex            0%           100%        8


Dungeon Overview and Level Annotations

Branches:
Dungeon (15/15)            Temple (0/1) D:7            Lair (2/6) D:9
  Swamp (2/4) Lair:2          Orc (2/2) D:10            Elf (0/3) Orc:2
 Vaults (0/5) D:14         Depths (0/5) D:15         Bailey (visited)
  Snake: Lair:2-4    Spider: Lair:2-4

Altars:
Ashenzari
Elyvilon
Fedhas
Makhleb
Okawaru
Sif Muna
Trog
Vehumet
Yredelemnul
The Shining One
Beogh

Shops:
D:4 (   Orc:1 ?   Orc:2 **[[

Annotations:
Swamp:1 Louise
Swamp:2 Nikola


Innate Abilities, Weirdness & Mutations

You reflexively headbutt those who attack you in melee.
You have a pair of horns on your head.
You are partially covered in icy blue scales. (AC +2)
You are partially covered in large bone plates. (SH +4)
Your mind is acute. (Int +2)
Your flesh is heat resistant. (rF+)
You are weak. (Str -2)


Message History

The swamp drake breathes poison at you.
The noxious blast engulfs you but does no damage.
You resist. The goliath frog closely misses you.
The goliath frog hits you from afar!
* * * LOW HITPOINT WARNING * * *
You are splashed with acid!
* * * LOW HITPOINT WARNING * * *
You enter the shallow water.
Moving in this stuff is going to be slow.
You block the alligator's attack. The alligator barely misses you.
The goliath frog closely misses you. The alligator misses you.
The alligator closely misses you. The swamp drake breathes poison at you.
The noxious blast misses you.
The alligator is engulfed in noxious fumes.
The alligator barely misses you. x2; The goliath frog hits you from afar!!
* * * LOW HITPOINT WARNING * * *
You are splashed with acid!
You die...

♣.≈♣.≈≈≈≈≈♣§≈≈♣
♣.≈♣.≈≈≈≈.♣§.♣♣
♣.≈.≈§≈≈..♣♣♣ ♣..♣
♣♣♣♣.≈≈..D.♣♣
.≈≈.♣♣≈.....k≈≈.≈♣♣
.≈≈.........≈§≈≈≈.♣
♣.....≈♣F§≈...≈≈.♣
♣≈≈≈..○t○≈.≈....♣
♣♣♣≈≈≈≈§○@○.≈♣♣>≈.♣
♣≈....≈.○○○.♣♣♣≈§.♣
♣.........♣♣ ♣..≈♣
♣♣≈≈♣♣♣....≈♣ ♣♣♣♣♣
♣...≈≈≈<...≈♣
..≈.≈≈≈≈≈...♣
≈♣≈♣≈.≈≈....♣ ♣≈
♣♣♣..≈≈..≈♣
♣.♣♣♣..≈.♣


You could see an alligator (swift), a four-headed hydra, a goliath frog and a
swamp drake (catching breath).

Vanquished Creatures
  Jorgrun (Swamp:1)
  Frances (D:12)
  Louise (Swamp:1)
  An orc warlord (Orc:1)
  A bunyip (Swamp:2)
  The ghost of SpoonFarmer the Blocker, a journeyman MiFi of the Shining One (D:13)
  Harold (Orc:1)
  5 hydras
  A vault guard (D:14)
  Erica (D:11)
  A ghost crab (Swamp:2)
  22 two-headed ogres
  3 catoblepae
  A centaur warrior (D:14)
  3 ogre magi (D:15)
  4 alligators
  2 orc high priests
  3 goliath frogs
  3 unseen horrors
  A deep troll (shapeshifter) (D:14)
  2 wizards (D:15)
  3 bog bodies
  3 harpies (D:12)
  9 orc knights
  An oklob plant (Lair:1)
  2 cyclopes
  6 orc sorcerers
  A wolf spider (D:14)
  2 deep elf magi (D:12)
  9 ugly things
  A manticore (D:12)
  2 black mambas
  Psyche (D:9)
  4 cane toads (Lair:1)
  A naga mage (D:15)
  4 centaur zombies
  3 centaur skeletons
  4 komodo dragons
  A freezing wraith (D:15)
  A redback zombie (D:15)
  6 trolls
  A queen bee (Orc:1)
  5 tyrant leeches (Swamp:1)
  5 hornets
  Grinder (D:3)
  7 blink frogs
  4 spriggans (Swamp:1)
  A water elemental (D:14)
  A shadow (D:12)
  A human (D:7)
  3 wyverns
  26 yaks
  6 basilisks
  9 vampire mosquitoes
  A soldier ant (D:14)
  A swamp worm (shapeshifter) (D:14)
  A harpy simulacrum (D:14)
  3 acid dragons
  8 swamp worms
  9 water moccasins
  48 orc warriors
  3 black bears (D:9)
  6 ice beasts
  15 ogres
  2 phantoms
  3 sky beasts
  12 centaurs
  2 necrophages
  3 big kobolds
  14 bullfrogs
  2 wyvern zombies
  A wyvern skeleton (D:13)
  5 scorpions
  23 killer bees
  9 wights
  9 howler monkeys
  2 electric eels (Lair:2)
  2 bullfrog zombies
  Crazy Yiuf (D:3)
  A gnoll shaman (D:6)
  11 hounds
  3 jellies
  31 orc priests
  A bullfrog skeleton (D:13)
  5 iguanas
  42 orc wizards
  14 worker ants
  4 gnolls (D:6)
  A worker ant zombie (D:6)
  A howler monkey skeleton (D:8)
  3 adders (D:12)
  4 oozes
  An adder zombie (D:10)
  An adder skeleton (D:5)
  3 worms
  2 dart slugs
  2 leopard geckos
  110 orcs
  2 ball pythons
  4 bats (D:3)
  9 giant cockroaches
  2 gnoll zombies (D:6)
  11 goblins
  9 hobgoblins
  4 jackals
  2 quokkas
  6 frilled lizards
  A goblin skeleton (D:7)
  2 jackal skeletons
  30 kobolds
  A kobold skeleton (D:7)
  A quokka skeleton (D:4)
  9 rats
  A bush (Lair:1)
712 creatures vanquished.

Vanquished Creatures (others)
  A will-o-the-wisp (Swamp:2)
  A bloated husk (Swamp:2)
  An orc priest (Orc:2)
  An orc wizard (Orc:2)
  An orc (Orc:2)
  28 fungi
  90 plants
  A withered plant (D:12)
124 creatures vanquished.

Grand Total: 836 creatures vanquished

Notes
Turn   | Place    | Note
-------+----------+-------------------------------------------
     0 | D:1      | nonceun the Minotaur Berserker began the quest for the Orb.
     0 | D:1      | Reached XP level 1. HP: 19/19 MP: 0/0
   190 | D:1      | Reached skill level 4 in Axes
   229 | D:1      | Reached XP level 2. HP: 24/26 MP: 1/1
   465 | D:1      | Reached skill level 5 in Axes
   575 | D:1      | Reached XP level 3. HP: 31/31 MP: 2/2
  1141 | D:2      | Found a radiant altar of Vehumet.
  1296 | D:2      | Reached ** piety under Trog
  1856 | D:3      | Found an iron altar of Okawaru.
  1857 | D:3      | Noticed Grinder
  1910 | D:3      | Killed Grinder
  1911 | D:3      | Reached skill level 8 in Axes
  1911 | D:3      | Reached XP level 4. HP: 39/39 MP: 3/3
  1911 | D:3      | Reached XP level 5. HP: 45/45 MP: 4/4
  2028 | D:3      | Reached XP level 6. HP: 16/51 MP: 5/5
  2404 | D:3      | Found a runed translucent door.
  2405 | D:3      | Noticed Crazy Yiuf
  2414 | D:3      | Killed Crazy Yiuf
  2750 | D:4      | Found a white marble altar of Elyvilon.
  2779 | D:4      | Reached *** piety under Trog
  2815 | D:4      | Reached skill level 9 in Axes
  2850 | D:4      | Found Ropasch's Weapon Emporium.
  3021 | D:4      | Reached XP level 7. HP: 51/57 MP: 6/6
  3253 | D:4      | Found a burning altar of Makhleb.
  3262 | D:4      | Reached skill level 10 in Axes
  3610 | D:5      | Entered Level 5 of the Dungeon
  3998 | D:5      | Found a shimmering blue altar of Sif Muna.
  4335 | D:6      | Reached **** piety under Trog
  4336 | D:6      | Reached skill level 11 in Axes
  4599 | D:6      | Reached XP level 8. HP: 67/67 MP: 7/7
  5178 | D:6      | Found a basalt altar of Yredelemnul.
  5323 | D:7      | Reached skill level 12 in Axes
  5419 | D:7      | Reached skill level 5 in Fighting
  5702 | D:7      | Reached skill level 1 in Bows
  5817 | D:7      | Reached skill level 13 in Axes
  6096 | D:7      | Found a staircase to the Ecumenical Temple.
  6107 | D:7      | Found a runed translucent door.
  6109 | D:7      | Found a basalt altar of Yredelemnul.
  6129 | D:7      | Reached XP level 9. HP: 73/74 MP: 8/8
  6710 | D:8      | Noticed a two-headed ogre
  6724 | D:8      | Killed a two-headed ogre
  6725 | D:8      | Reached skill level 5 in Bows
  6911 | D:8      | Found a blossoming altar of Fedhas.
  6992 | D:8      | Reached ***** piety under Trog
  6993 | D:8      | Found a broken altar of Ashenzari.
  7490 | D:8      | Noticed a moth of wrath
  7492 | D:8      | Found a bloodstained altar of Trog.
  7504 | D:8      | Reached skill level 14 in Axes
  7516 | D:8      | Received a gift from Trog
  7572 | D:9      | Noticed Psyche
  7577 | D:9      | Killed Psyche
  7629 | D:9      | Found a glowing golden altar of the Shining One.
  7751 | D:9      | Reached XP level 10. HP: 87/88 MP: 9/9
  8042 | D:9      | Found a staircase to the Lair.
  8124 | D:9      | Reached skill level 15 in Axes
  9051 | Lair:1   | Entered Level 1 of the Lair of Beasts
  9073 | Lair:1   | Noticed a black mamba
  9079 | Lair:1   | Killed a black mamba
  9281 | Lair:1   | Noticed a cane toad
  9284 | Lair:1   | Reached skill level 16 in Axes
  9293 | Lair:1   | Killed a cane toad
  9294 | Lair:1   | Reached skill level 10 in Fighting
  9437 | Lair:1   | Noticed a cane toad
  9444 | Lair:1   | Killed a cane toad
  9445 | Lair:1   | Reached XP level 11. HP: 100/100 MP: 10/10
  9511 | Lair:1   | Noticed an oklob plant
 10341 | Lair:2   | Noticed a four-headed hydra
 10377 | Lair:2   | Gained mutation: Your mind is acute. (Int +2) [potion of
                  | mutation]
 10377 | Lair:2   | Gained mutation: Your spells are a little harder to cast,
                  | but a little more powerful. [potion of mutation]
 10379 | Lair:2   | HP: 3/101 [seven-headed hydra (5)]
 10472 | Lair:2   | Lost mutation: Your spells are a little harder to cast, but
                  | a little more powerful. [potion of mutation]
 10472 | Lair:2   | Gained mutation: Your flesh is heat resistant. (rF+)
                  | [potion of mutation]
 10472 | Lair:2   | Gained mutation: You are partially covered in icy blue
                  | scales. (AC +2) [potion of mutation]
 10472 | Lair:2   | Gained mutation: You are weak. (Str -2) [potion of
                  | mutation]
 10472 | Lair:2   | Gained mutation: You are partially covered in large bone
                  | plates. (SH +4) [potion of mutation]
 11049 | Lair:2   | Noticed a bog body
 11365 | D:10     | Entered Level 10 of the Dungeon
 11367 | D:10     | Noticed a two-headed ogre
 11371 | D:10     | Killed a two-headed ogre
 11422 | D:10     | Found a flagged portal.
 11443 | Bailey   | Entered a bailey
 11535 | Bailey   | Received a gift from Trog
 11850 | Bailey   | Reached skill level 17 in Axes
 11910 | Bailey   | Noticed an orc knight
 11910 | Bailey   | Noticed an orc knight
 11934 | Bailey   | Killed an orc knight
 11938 | Bailey   | Killed an orc knight
 11987 | Bailey   | Noticed an orc knight
 11999 | Bailey   | Killed an orc knight
 12588 | D:10     | Received a gift from Trog
 13054 | D:10     | Reached XP level 12. HP: 103/110 MP: 11/11
 13116 | D:10     | Found a staircase to the Orcish Mines.
 13357 | Orc:1    | Entered Level 1 of the Orcish Mines
 13960 | Orc:1    | Noticed Harold
 13974 | Orc:1    | Killed Harold
 14036 | Orc:2    | Entered Level 2 of the Orcish Mines
 14431 | Orc:2    | Found a staircase to the Elven Halls.
 14642 | Orc:2    | Reached skill level 10 in Bows
 14683 | Orc:2    | Paralysed by an orc sorcerer for 5 turns
 14689 | Orc:2    | Reached ****** piety under Trog
 15135 | Orc:2    | Noticed an orc high priest
 15147 | Orc:2    | Killed an orc high priest
 15184 | Orc:2    | Paralysed by an orc sorcerer for 7 turns
 16173 | Orc:1    | Found Ucwo's Magic Scroll Emporium.
 16180 | Orc:1    | Bought a scroll of noise for 16 gold pieces
 16180 | Orc:1    | Bought a scroll of acquirement for 832 gold pieces
 16180 | Orc:1    | Bought a scroll of identify for 32 gold pieces
 16180 | Orc:1    | Bought a scroll of identify for 32 gold pieces
 16228 | Orc:1    | Reached skill level 18 in Axes
 16478 | Orc:1    | Noticed an orc warlord
 16517 | Orc:2    | Received a gift from Trog
 16973 | Orc:1    | Killed an orc warlord
 17443 | Orc:1    | Reached XP level 13. HP: 120/122 MP: 12/12
 17629 | Orc:1    | Found a roughly hewn altar of Beogh.
 18773 | Orc:2    | Found Ucecoqib's Assorted Antiques.
 18773 | Orc:2    | Found Usozaja's Assorted Antiques.
 18776 | Orc:2    | Found Ycsidimp's Antique Armour Emporium.
 18776 | Orc:2    | Found Uthoam's Antique Armour Emporium.
 18994 | D:11     | Noticed Erica
 19009 | D:11     | Killed Erica
 19176 | D:11     | Upgraded the game from 0.26.1-11-gd32895ea62 to
                  | 0.26.1-13-g052cdd8df3
 19400 | D:11     | You fall into a shaft and drop 2 floors!
 19416 | D:13     | Found a runed translucent door.
 19420 | D:13     | Noticed SpoonFarmer's ghost (journeyman MiFi)
 19556 | D:13     | Identified the +10 rapier "Qiwaint" {freeze, rF+ Int+4}
 19774 | D:12     | Received a gift from Trog
 19983 | D:12     | Noticed Frances
 20006 | D:13     | Reached skill level 19 in Axes
 21135 | D:12     | Killed Frances
 22627 | D:12     | Reached XP level 14. HP: 133/133 MP: 13/13
 23033 | D:13     | Killed SpoonFarmer's ghost
 23413 | D:14     | Reached skill level 15 in Fighting
 23465 | D:14     | Found a glowing golden altar of the Shining One.
 23781 | D:14     | Found a gate to the Vaults.
 24366 | D:14     | Received a gift from Trog
 24675 | D:15     | Entered Level 15 of the Dungeon
 24752 | D:15     | Reached skill level 20 in Axes
 24935 | D:15     | Reached skill level 5 in Armour
 24960 | D:15     | Found a staircase to the Depths.
 25143 | D:15     | Found a blossoming altar of Fedhas.
 25936 | D:15     | Reached XP level 15. HP: 136/141 MP: 4/14
 27431 | Lair:2   | Received a gift from Trog
 28134 | Lair:2   | Found a staircase to the Swamp.
 28141 | Swamp:1  | Entered Level 1 of the Swamp
 28164 | Swamp:1  | Reached skill level 10 in Armour
 28946 | Swamp:1  | Noticed Jorgrun
 28978 | Swamp:1  | Killed Jorgrun
 28979 | Swamp:1  | Reached skill level 21 in Axes
 29052 | Swamp:1  | Identified the Papyrus of the Battered Hosts
 29213 | Swamp:1  | Got a twitching iron ring
 29214 | Swamp:1  | Identified the ring "Hixt" {Ice +Inv rPois Will+ SInv} (You
                  | found it on level 1 of the Swamp)
 29237 | Swamp:1  | Noticed Louise
 29728 | Swamp:1  | Killed Louise
 29979 | Swamp:2  | Noticed Nikola
 30403 | Swamp:2  | HP: 1/141 [goliath frog (18)]
 30403 | Swamp:2  | Splashed by a goliath frog's acid

Illustrated notes

Levels and vault maps discovered:
D:1:      evilmike_arrival_grusome_pit, layout_basic, lemuel_old_faithful
D:2:      layout_basic, lemuel_doored_altar
D:3:      minmay_angry_zag, layout_loops_ring, okawaru_gym_becter, uniq_grinder,
          uniq_crazy_yiuf_cottage
D:4:      layout_basic, lemuel_crystal_altar, makhleb_heckhound_becter,
          serial_shops, shop
D:5:      layout_loops_cross, led_sif_book
D:6:      layout_basic, lemuel_zombie_altar_yredelemnul
D:7:      layout_rooms, minmay_temple_entry_statues_pillars,
          grunt_decor_mini_mirrors, dk_yredelemnul_ordeal
D:8:      layout_rooms, kennysheep_little_box, general_overflow_altar, tgw_trog
D:9:      layout_gridville, lemuel_round_altar, due_lair_maze_entry_diamond,
          uniq_psyche
D:10:     layout_loops_ring, david_orc_4, enter_bailey_5
D:11:     layout_irregular_city, uniq_erica
D:12:     layout_basic, serial_bayou_pond_c, argonaut_gorgonesque, uniq_frances
D:13:     layout_gridville, hellmonk_ghost_happy_afterlife
D:14:     kennysheep_cluttered_fort, layout_irregular_city, david_vaults_5,
          nicolae_wwwww, basic_altar
D:15:     grunt_enter_depths_magical_seal, layout_basic,
          chequers_serial_rivers_micro_a, fedhas_altar_3
Lair:1:   layout_loops_ring, chequers_serial_rivers_room_b, minivault_25,
          minmay_lair_oklob_bushes
Lair:2:   layout_cave_pods, nicolae_swamp_entry_splash_gauntlet,
          serial_bayou_lagoon_a
Swamp:1:  layout_basic_swamp, serial_swamp_ruin, evilmike_swamp_ruin_house_5,
          evilmike_swamp_ruin_rubble_2, evilmike_swamp_ruin_house_2,
          swamp_pool2, water_boxes_lemuel, uniq_louise, uniq_jorgrun
Swamp:2:  layout_basic_swamp, nicolae_swamp_dense_foliage, swamp_pool5,
          uniq_nikola
Orc:1:    orc_temple, layout_diamond_mine, special_room [special_room_bee],
          serial_shops, shop, uniq_harold
Orc:2:    st_orc_mages, layout_diamond_mine

Skill      XL: |  1  2  3  4  5  6  7  8  9 10 11 12 13 14 15 |
---------------+----------------------------------------------+-----
Axes           | 4 5 8 9 11 13 14 16 17 18 19 20 21 | 21.3
Fighting       | 4 5 7 10 11 13 14 15 | 15.2
Bows           | 1 5 9 11 13 14 | 14.0
Armour         | 8 10 | 10.7
Dodging        | |  2.1

Action                   |  1- 3 |  4- 6 |  7- 9 | 10-12 | 13-15 || total
-------------------------+-------+-------+-------+-------+-------++-------
Melee: Hand axe          |    97 |   111 |     4 |       |       ||   212
       Headbutt          |    11 |    17 |    45 |   146 |   203 ||   422
       War axe           |       |       |   244 |   648 |   474 ||  1366
       Battleaxe         |       |       |       |       |   237 ||   237
       Executioner's axe |       |       |       |       |    19 ||    19
 Fire: Shortbow          |       |       |    36 |   173 |   231 ||   440
Throw: Dart              |     2 |       |       |     2 |     1 ||     5
Invok: Berserk           |     1 |     2 |     4 |     8 |    10 ||    25
Evoke: Wand              |       |       |       |     1 |     1 ||     2
  Use: Scroll            |       |       |     3 |    15 |     8 ||    26
       Potion            |       |       |       |     6 |     2 ||     8
Armor: Animal skin       |     8 |       |       |       |       ||     8
       Scale mail        |    18 |    26 |    54 |       |       ||    98
       Plate armour      |       |       |    36 |   378 |   134 ||   548
       Chain mail        |       |       |       |       |   284 ||   284
Dodge: Dodged            |    39 |    42 |    76 |   195 |   235 ||   587
Block: Other             |       |       |       |    60 |    79 ||   139
